Map: 凯罗斯中转站-天梯版

Players

Has

  • Race: Protoss Protoss

Dark - Winner!

  • Race: Zerg Zerg
  • League: Gold

Event: WESG 2018 Grand Finals

VOD

Have the link to the VOD?

Description

Time

  • Played on: March 11, 2019, 1:12 a.m.
  • Length: 7:30

All games in this series

Show
View Real Time Build Order
Export as new Build Order

Has Protoss 

Build Orders: Oracle Opening 

Get SALT Encoding   

  12  0:00  Probe  
  13  0:12  Probe  
  14  0:18  Pylon  
  14  0:23  Probe  
  15  0:32  Probe  
  15  0:38  Gateway  
  15  0:40  Probe  
  16  0:49  Assimilator  
  17  0:51  Probe  
  18  1:00  Probe  
  19  1:08  Probe  
  20  1:24  Probe  
  21  1:25  Cybernetics Core  
  21  1:26  Zealot  
  21  1:32  Pylon  
  23  1:36  Assimilator  
  23  1:50  Probe  
  23  1:52  Pylon, Adept  
  24  2:02  Probe  
  27  2:14  Probe  
  28  2:15  Stargate  
  28  2:21  Adept  
  30  2:26  Probe  
  31  2:32  Warp Gate  
  31  2:47  Pylon  
  31  2:51  Adept, Probe  
  33  3:00  Oracle  
  36  3:09  Probe  
  32  3:19  Gateway  
  31  3:25  Probe  
  31  3:26  Gateway  
  31  3:38  Probe  
  31  3:39  Adept  
  34  3:50  Probe  
  34  3:59  Oracle  
  37  4:17  Nexus  
  37  4:23  Pylon  
  37  4:30  Probe  
  38  4:44  Adept  
  36  4:55  Stalker  
  36  4:56  Stalker  
  36  4:59  Probe  
  38  5:11  Probe  
  24  5:26  Adept  
  24  5:27  Adept x2  
  30  5:29  Probe  
  31  5:47  Adept  
  31  5:48  Adept  
  34  5:50  Adept  
  34  5:52  Probe  
  35  6:00  Probe  
  31  6:08  Probe  
  33  6:18  Probe  
  34  6:30  Probe  
  35  6:35  Nexus  
  35  6:43  Probe  
  36  6:53  Probe, Robotics Facility  
  36  6:55  Pylon  
  37  7:01  Probe  
  38  7:11  Pylon  
  38  7:13  Probe  
  38  7:14  Sentry  
Show
View Real Time Build Order
Export as new Build Order

Dark Zerg - Winner!

Build Orders: 3 Hatch before Pool 

Get SALT Encoding   

  12  0:00  Drone  
  13  0:07  Drone  
  14  0:16  Overlord  
  14  0:22  Drone, Extractor  
  15  0:34  Drone  
  15  0:35  Drone  
  17  0:43  Drone  
  18  0:56  Hatchery  
  17  1:17  Hatchery  
  16  1:20  Drone  
  16  1:23  Drone  
  18  1:27  Extractor  
  17  1:38  Spawning Pool  
  16  1:41  Drone  
  16  1:45  Drone  
  18  1:48  Drone  
  19  2:02  Drone  
  20  2:20  Drone  
  21  2:25  Zergling x4  
  21  2:26  Queen x2  
  21  2:28  Zergling x2  
  28  2:32  Metabolic Boost  
  28  2:36  Zergling x2  
  29  2:39  Zergling x2  
  29  2:41  Drone  
  31  2:44  Zergling x2  
  32  2:52  Spore Crawler  
  30  3:10  Roach Warren  
  28  3:14  Overlord x2  
  28  3:15  Overlord  
  27  3:33  Drone x2  
  29  3:36  Zergling x2  
  30  3:52  Roach x2  
  30  3:53  Roach x4  
  30  3:55  Zergling x2  
  42  4:02  Roach  
  44  4:03  Zergling x2  
  44  4:06  Spore Crawler  
  44  4:14  Roach  
  46  4:18  Zergling x4  
  46  4:24  Zergling x4  
  50  4:26  Zergling x2  
  51  4:31  Zergling x2  
  52  4:39  Spore Crawler  
  52  4:41  Zergling x2  
  52  4:45  Overlord  
  52  4:58  Zergling x2  
  47  5:08  Zergling x6  
  47  5:09  Ravager, Zergling x6  
  47  5:11  Ravager  
  54  5:16  Zergling x6  
  54  5:21  Zergling x2  
  42  5:30  Drone x2  
  42  5:34  Roach  
  45  5:40  Roach  
  45  5:47  Roach  
  45  5:48  Roach  
  44  6:05  Roach, Zergling x6  
  44  6:06  Queen  
  51  6:21  Overlord  
  51  6:25  Overlord  
  51  6:33  Overlord  
  51  6:34  Drone  
  51  6:38  Queen  
  51  6:41  Drone x5  
  54  6:48  Drone x2  
  54  6:52  Drone  
  57  6:55  Drone  
  58  7:06  Drone x4  
  62  7:09  Drone  
Tags
 
Add a new tag
Caveats
  • Supply blocks, unpowered buildings, or Contaminate may cause inaccurate times.
  • Supply counts are checked every 10 seconds.